 Dungeon Crawl Stone Soup version 0.22.1-2-g9c5b331383 (webtiles) character file.

216 Knicklaso the Ruffian (level 5, 0/55 HPs)
             Began as an Ogre Transmuter on Dec 11, 2018.
             Slain by an orc
             ... wielding a +0 mace
              (6 damage)
             ... on level 4 of the Dungeon.
             The game lasted 00:12:36 (4007 turns).

Knicklaso the Ruffian (Ogre Transmuter)             Turns: 4007, Time: 00:12:37

Health: 0/55       AC:  3    Str: 14    XL:     5   Next: 93%
Magic:  7/8        EV: 10    Int: 15    God:
Gold:   220        SH:  0    Dex:  9    Spells: 5/8 levels left

rFire    . . .     SeeInvis .     - Unarmed
rCold    . . .     Gourm    .   (no shield)
rNeg     . . .     Faith    .   b - +0 robe
rPois    .         Spirit   .   (helmet restricted)
rElec    .         Reflect  .   (no cloak)
rCorr    .         Harm     .   (gloves unavailable)
MR       .....                  (boots unavailable)
Stlth    +.........             (no amulet)
HPRegen  0.18/turn              (no ring)
MPRegen  0.11/turn              (no ring)

@: very slightly contaminated
A: large, unfitting armour, tough skin 1
a: no special abilities


You were on level 4 of the Dungeon.
You were hungry.

You visited 1 branch of the dungeon, and saw 4 of its levels.

You collected 220 gold pieces.

Inventory:

Hand Weapons
 a - a +0 hunting sling
Missiles
 j - 77 stones (quivered)
 k - 14 arrows
Armour
 b - a +0 robe (worn)
Jewellery
 e - a +1 ring of protection {unknown}
Scrolls
 f - 2 scrolls of blinking {unknown}
 g - a scroll of identify {unknown}
 i - a scroll of enchant weapon {unknown}
 q - a scroll of noise {unknown}
 r - a scroll of fear {unknown}
Potions
 c - 2 potions of haste {unknown}
 h - a potion of degeneration {unknown}
 l - 3 potions of magic {unknown}
 m - 2 potions of curing {unknown}
 n - 2 potions of lignification {unknown}
 o - a potion of heal wounds {unknown}
Comestibles
 d - 7 rations
 p - 5 chunks of flesh


   Skills:
 + Level 4.3 Fighting
 - Level 1.7 Dodging
 * Level 5.0 Unarmed Combat
 - Level 2.4 Spellcasting
 - Level 1.7 Transmutations


You had 5 spell levels left.
You knew the following spells:

 Your Spells              Type           Power        Failure   Level  Hunger
a - Beastly Appendage     Tmut           #.....       11%         1    #......
b - Sticks to Snakes      Tmut           #.......     16%         2    ###....

Your spell library contained the following spells:

 Spells                   Type           Power        Failure   Level  Hunger
 Spider Form              Tmut/Pois      #.........   41%         3    ###....
 Ice Form                 Ice/Tmut       #.......     83%         4    #####..
 Blade Hands              Tmut           #.........   96%         5    ######.


Dungeon Overview and Level Annotations

Branches:
Dungeon (4/15)
 Temple: D:4-7

Altars:


Innate Abilities, Weirdness & Mutations

You are too large for most types of armour.
You have tough skin. (AC +1)


Message History

You are too injured to fight recklessly!
You are too injured to fight recklessly!
You are too injured to fight recklessly!
You are too injured to fight recklessly!
You barely miss the orc priest.
The orc priest is almost dead.
The orc priest calls down the wrath of Beogh upon you.
Beogh smites you!
* * * LOW HITPOINT WARNING * * *
Casting: Sticks to Snakes (safe; 16% risk of failure)
Confirm with . or Enter, or press ? or * to list all spells.
You miscast Beastly Appendage.
You are very lightly contaminated with residual magic.
Nothing appears to happen.
The orc barely misses you.
The orc priest hits you but does no damage.
You hit the orc priest.
You kill the orc priest!
Your Unarmed Combat skill increases to level 5!
The orc hits you with a mace.
You die...

.# ..### ....#
.# #... ?#
...# ###.##
#..##....#
..####o).....#
#......@.....#
##.!.........#
.............#
#............#
#..........<##
#.....>.....#
............#
.............
............#


You could see an orc.

Vanquished Creatures
  A hound (D:3)
  An orc priest (D:4)
  A hound skeleton (D:3)
  3 gnolls
  4 adders (D:2)
  An ooze (D:1)
  3 dart slugs
  A leopard gecko (D:2)
  3 orcs
  4 giant cockroaches
  9 goblins
  6 hobgoblins
  5 jackals
  A quokka (D:3)
  8 bats
  3 frilled lizards
  11 kobolds
  6 rats
71 creatures vanquished.

Vanquished Creatures (collateral kills)
  2 gnolls (D:2)
  A bat (D:3)
3 creatures vanquished.

Grand Total: 74 creatures vanquished

Notes
Turn   | Place    | Note
-------+----------+-------------------------------------------
     0 | D:1      | Knicklaso the Ogre Transmuter began the quest for the Orb.
     0 | D:1      | Reached XP level 1. HP: 19/19 MP: 3/3
   208 | D:1      | Reached skill level 3 in Unarmed Combat
   208 | D:1      | Reached XP level 2. HP: 16/28 MP: 3/5
   632 | D:1      | Reached XP level 3. HP: 31/36 MP: 6/6
  1727 | D:2      | Reached XP level 4. HP: 42/45 MP: 7/7
  1832 | D:2      | Reached skill level 4 in Unarmed Combat
  2374 | D:1      | Learned a level 2 spell: Sticks to Snakes
  2691 | D:2      | Reached XP level 5. HP: 25/53 MP: 4/8
  4007 | D:4      | Reached skill level 5 in Unarmed Combat
  4007 | D:4      | Slain by an orc

Skill      XL: |  1  2  3  4  5 |
---------------+----------------+-----
Fighting       | 2 3 4 |  4.3
Unarmed Combat | 3 4 5 |  5.0
Dodging        | |  1.7
Spellcasting   | |  2.4
Transmutations | |  1.7

Action                   |  1- 3 |  4- 6 || total
-------------------------+-------+-------++-------
Melee: Unarmed           |   101 |   158 ||   259
       Kick              |     5 |       ||     5
       Punch             |     2 |     1 ||     3
       Headbutt          |       |     1 ||     1
 Fire: Hunting sling     |    26 |    25 ||    51
 Cast: Beastly Appendage |     7 |     7 ||    14
       Sticks to Snakes  |       |     7 ||     7
 Stab: Distracted        |       |     2 ||     2
  Eat: Chunk             |     2 |     8 ||    10
Armor: Robe              |    38 |    59 ||    97
Dodge: Dodged            |    55 |    99 ||   154
